[Event "Czech Open Rapid G1 2024"]
[Site "Pardubice"]
[Date "2024.07.18"]
[Round "4.11"]
[White "Ocelak, Jakub"]
[Black "Rasik, Vitezslav"]
[Result "0-1"]
[Annotator "TA"]
[ECO "E62"]
[WhiteElo "2206"]
[BlackElo "2415"]
[PlyCount "128"]
[EventDate "2024.07.16"]
[EventType "swiss"]
[EventCountry "CZE"]
[SourceTitle "playchess.com"]
[Source "ChessBase"]
[SourceQuality "1"]
[TimeControl "1200+10"]

1. d4 d6 2. c4 g6 3. Nc3 Bg7 4. Nf3 Nf6 5. g3 O-O 6. Bg2 Nc6 7. O-O Bf5 {[%emt 0:00:16] 7...e5 gains popularity.} 8. d5 Na5 9. b3 {[%emt 0:00:02] E62: King's Indian: Fianchetto: 6...c6 and Panno Variation (6...Nc6) without ...a6.} c5 10. Bd2 a6 11. Qe1 Bd7 $146 ({Predecessor:} 11... b5 12. e4 Bg4 13. cxb5 axb5 14. Nxb5 Nxd5 15. Rc1 Bd7 16. Nxd6 exd6 17. exd5 Bb5 {0-1 Martirosyan,H (2633)-Fedoseev,V (2704) Chess.com Rapid Wk2 Swiss 2022 (8)}) 12. e4 e5 13. dxe6 Bxe6 14. h3 Nc6 15. Rd1 Qc7 16. Bf4 Rad8 17. Nd5 Bxd5 18. cxd5 Nb8 19. Nd2 Rfe8 20. Be3 b5 21. Qe2 Nbd7 22. a4 Rb8 23. Ra1 Qb7 24. Ra2 Rec8 25. Rc1 Rc7 26. Kh2 Ne8 27. f4 Rcc8 {[%emt 0:00:26] [#]} 28. e5 (28. Qd3 $1 $16) 28... dxe5 29. fxe5 Bxe5 30. Ne4 (30. b4 $14 {stays ahead.} Bd6 31. axb5 Qxb5 32. Qxb5 Rxb5 (32... axb5 33. Ra7 $16) 33. bxc5 Nxc5 34. Bf1) 30... Nd6 (30... Qxd5 $2 31. Nf6+ Nexf6 32. Bxd5 Nxd5 33. Rd2 $16) ({Better is} 30... bxa4 $1 $17 31. Rxa4 Qxb3 (31... Qxd5 32. Nf6+ Nexf6 33. Bxd5 $16) 32. Rxa6 Nef6 (32... Qxd5 33. Nd2 $16)) 31. Nxc5 $15 Nxc5 32. Rxc5 (32. Bxc5 $15 Re8 33. Qf3) 32... Re8 33. Qf3 (33. Qf2 $142 bxa4 34. bxa4) 33... bxa4 $19 34. bxa4 Qb3 (34... Ne4 $142 35. Rc1 (35. Qxe4 $2 Bxg3+ 36. Kxg3 Rxe4 $19) 35... Qb3 (35... Qxd5 $2 36. Rac2 $19) (35... Nxg3 $2 36. Kg1 $19)) 35. Re2 $2 {[%emt 0:00:24] [#]} (35. Rf2) 35... Nf5 $1 $19 (35... Qxa4 36. Bf4 Bxf4 37. Rxe8+ Nxe8 (37... Rxe8 38. Qxf4 Qxf4 39. gxf4 $11) 38. Qxf4 Qxf4 39. gxf4 $11) 36. Bf2 Bxg3+ (36... Qxa4 $2 37. Qd3 Bd6 (37... Rb3 $2 38. Qd1 $19) 38. Rxe8+ Qxe8 (38... Rxe8 39. Rc4 $17) 39. Rc6 $19) 37. Bxg3 (37. Kg1 $142 Rxe2 38. Qxe2) 37... Rxe2 $19 38. Rc8+ Kg7 39. Rc3 {[%emt 0:00:02] [#]} Rxg2+ $2 (39... Qxa4 $2 40. Qxe2 Re8 41. Qd2 $18) (39... Qb2 $1 {( -> ...Nxg3)} 40. Qxe2 Qxe2 41. Bxb8 Ne3 42. Rxe3 Qxe3) 40. Qxg2 $19 Qxc3 41. Bxb8 Ne3 42. Qe2 Qc2 (42... Nxd5 $2 {perishes.} 43. Be5+ $18 (43. Qxa6 $2 Qb2+ 44. Kg1 Qxb8 $19) (43. Qxa6 $2 Qb2+ 44. Kg1 Qxb8 $19)) 43. Qxc2 Nxc2 44. Kg3 (44. Be5+ $142 Kf8 45. Bd6+ Ke8 46. Bc5) 44... Ne3 45. d6 (45. Be5+ {was necessary.} Kf8 (45... f6 46. d6 $17) 46. Kf4 Nxd5+ 47. Ke4) 45... Kf6 $19 46. Kf4 Nf5 ({Less strong is} 46... Nd5+ 47. Kg4 $19) 47. d7 Ke7 48. Ke5 Kxd7 49. Kd5 $2 (49. Kf6 Ke8 50. Bf4) 49... Ne7+ $19 50. Kc5 Nc8 $2 (50... g5 51. Be5 Ke6) 51. a5 $2 (51. Bf4) 51... g5 $19 52. Be5 h5 (52... f5 $142 53. Bg7 Ke6) 53. Kd5 Ne7+ 54. Kc5 Nc6 55. Bh2 Nxa5 56. Kb6 Nb3 57. Kxa6 Kc6 58. Bb8 f5 59. Bh2 g4 60. hxg4 hxg4 61. Bb8 Nc1 62. Ka5 Nd3 63. Ka4 f4 64. Kb3 f3 0-1

[Event "Czech Open Rapid G1 2024"]
[Site "Pardubice"]
[Date "2024.07.18"]
[Round "4.12"]
[White "Piesik, Piotr"]
[Black "Ptacek, Lubos"]
[Result "1/2-1/2"]
[Annotator "TA"]
[ECO "D02"]
[WhiteElo "2415"]
[BlackElo "2036"]
[PlyCount "118"]
[EventDate "2024.07.16"]
[EventType "swiss"]
[EventCountry "CZE"]
[SourceTitle "playchess.com"]
[Source "ChessBase"]
[SourceQuality "1"]
[TimeControl "1200+10"]

1. Nf3 d5 2. g3 Nf6 3. Bg2 Nc6 4. d4 h6 5. c4 e6 6. Nc3 {[%emt 0:00:20] D02: 1 d4 d5 2 Nf3 sidelines, including 2...Nf6 3 g3 and 2...Nf6 3 Bf4.} Be7 7. O-O O-O 8. b3 Rb8 $146 ({Predecessor:} 8... b6 9. cxd5 Nxd5 10. Nxd5 exd5 11. Bf4 Bb7 12. Rc1 Bd6 13. Qd2 Rc8 14. Nh4 Re8 {1-0 Livaic,L (2561)-Collins,A (2189) Titled Tuesday intern op 27th Feb Late blitz 2024 (2)}) 9. Bb2 (9. Ne5 $16) 9... dxc4 $11 10. bxc4 b6 11. Ne5 Na5 12. Nb5 Nd7 13. Nxa7 (13. Nc6 $1 $16 Nxc6 14. Bxc6) 13... Nxe5 $11 14. dxe5 Bb7 $1 15. Qd3 Bxg2 16. Kxg2 c6 17. Qxd8 $1 Rfxd8 18. Bc3 Rd7 19. Bxa5 Rxa7 20. Bd2 Rba8 21. Be3 Rxa2 22. Rxa2 Rxa2 23. Rb1 Rc2 24. Rxb6 Rxc4 25. Rb8+ Kh7 26. Rb7 Bc5 27. Bxc5 Rxc5 28. Rxf7 Rxe5 29. e3 Kg6 30. Rc7 Rc5 $1 31. g4 Kf6 32. h4 Rc1 33. f4 c5 {[%emt 0:01:02] [#]} (33... g5 $11 {remains equal.}) 34. Kf3 (34. g5+ $1 $16 hxg5 35. hxg5+ Kf5 36. Kf3 (36. Rxg7 Kg4 $11)) 34... Rh1 {[%emt 0:01:10] [#]} (34... g5 $11) 35. g5+ $1 $16 Kg6 36. Re7 ({Don't take} 36. Rxc5 Rxh4 37. Rc6 hxg5 $11) 36... Rxh4 37. gxh6 (37. Rxe6+ $16 Kf7 38. Re5) 37... Rxh6 $11 38. Rxe6+ Kf7 39. Re4 Rc6 40. Rc4 Ke6 41. e4 Kd6 42. Kg4 Ke6 43. Kg5 Rc7 44. Kg6 Kd6 45. Kf5 Rf7+ 46. Kg5 Rc7 47. Kg6 Ke6 48. Ra4 c4 49. Ra6+ Ke7 50. Kxg7 c3 51. Ra1 $1 Rc4 (51... c2 $5 52. Rc1 $8 Rc6 $11) 52. f5 Rxe4 53. f6+ Ke6 54. Ra6+ Ke5 55. Rc6 (55. f7 $5 Rg4+ $8 56. Kh6 $11) 55... Rg4+ 56. Kf8 Rf4 57. f7 Kd4 58. Ke7 Rxf7+ 59. Kxf7 Kd3 1/2-1/2

[Event "Czech Open Rapid G1 2024"]
[Site "Pardubice"]
[Date "2024.07.18"]
[Round "4.13"]
[White "Kopriva, Martin"]
[Black "Bures, Jaroslav"]
[Result "0-1"]
[Annotator "TA"]
[ECO "B81"]
[WhiteElo "2159"]
[BlackElo "2418"]
[PlyCount "44"]
[EventDate "2024.07.16"]
[EventType "swiss"]
[EventCountry "CZE"]
[SourceTitle "playchess.com"]
[Source "ChessBase"]
[SourceQuality "1"]
[TimeControl "1200+10"]

1. e4 c5 2. Nf3 e6 3. d4 cxd4 4. Nxd4 Nf6 5. Nc3 d6 6. g4 h6 7. Rg1 Nc6 8. h4 d5 9. exd5 Nxd5 10. Nxd5 exd5 11. Qe2+ (11. Be3 $1 $14) 11... Be7 $11 {[%emt 0:00:39] The position is equal.} 12. Nf5 Bxf5 13. gxf5 Qc7 (13... Kf8 {is interesting.} 14. Bf4 Qa5+ 15. Bd2 Qb6) 14. c3 {[%emt 0:06:49] Dodges Nd4} (14. Rxg7 $2 Nd4 15. Qg4 Qe5+ (15... Nxc2+ 16. Kd1 $17) 16. Kd1 Bf8 $19) (14. f6 $1 $11 {remains equal.} gxf6 15. Be3) 14... O-O-O $17 {[%emt 0:00:09] [#] ...Rhe8 is the strong threat.} 15. Bh3 (15. Bd2 $17 {might work better.}) 15... Bf6 $19 {[%emt 0:01:00][%cal Od5d4] aiming for ...d4!} (15... Bxh4 16. f6+ Kb8 17. fxg7 $17) 16. Kf1 (16. Be3 $142) 16... d4 (16... Bxh4 $2 17. f6+ Kb8 18. fxg7 $18 (18. Rxg7 Bxf6 19. Rg4 Ka8 $17)) (16... Rhe8 $19 17. Qh5 d4) 17. cxd4 $2 {[%emt 0:00:22] Now White is beyond hope.} (17. Qc4 $17) 17... Nxd4 (17... Bxh4 18. f6+ (18. Rxg7 Nxd4 19. Qe3 Qc4+ 20. Kg2 Qc6+ 21. Kf1 Nc2 $19) 18... Kb8 19. fxg7 $16 (19. Rxg7 $2 Nxd4 20. Qg4 Bg5 $19)) 18. Qg4 Nc2 (18... h5 $142 19. Qg3 Qc4+ 20. Kg2 Qc6+ (20... Ne2 $2 21. Qf3 $19) 21. Kf1 Nc2) 19. Rb1 Rd4 {[%emt 0:00:02] [#] Against Bf4. And now ...Qc4+ would win.} 20. Qf3 $2 (20. Qe2 {was the only chance.}) 20... Re8 {[%emt 0:01:47] White must now prevent ...Qc4+.} (20... Bxh4 $2 21. f6+ (21. Rxg7 Kb8 $17) 21... Kb8 22. fxg7 (22. Rxg7 $2 Qd6 $19) 22... Qc4+ 23. Kg2 $18) (20... Rxh4 21. Rg4 Nd4 22. Qd3 Rxg4 23. Bxg4 $17) 21. Rxg7 (21. Be3 $142 Rd3 (21... Rxh4 $2 22. Bxa7 Ra4 23. Rc1 $19) 22. Rg3 Nxe3+ (22... Bxh4 $2 23. f6+ Kb8 24. Bf4 $18) 23. fxe3 Rdxe3 (23... Bxh4 $2 24. f6+ Kb8 25. Rxg7 $19) 24. Qxe3 Rxe3 25. Rxe3 Qc4+ (25... Bxh4 26. f6+ Kb8 27. Re8+) (25... Qf4+ $2 26. Ke2 $19) 26. Re2 Qf4+ (26... Qxa2 27. Rc1+ Kd7 28. Rd2+ Ke7 29. Rc7+ Kf8 30. Rc8+ Ke7 31. Rc7+ Kf8 32. Rc8+ Ke7 33. Rc7+ $11) 27. Kg2) 21... Qc4+ ({Stronger than} 21... Rd1+ 22. Qxd1 Qc6 23. Bg2 (23. Rxf7 $2 Qh1#) 23... Qc4+ 24. Kg1 Re1+ (24... Bxg7 $2 {perishes.} 25. b3 $18) 25. Qxe1 Nxe1 26. Rg8+ Kd7 27. Bxh6 $14) 22. Kg2 Ne1+ {[%emt 0:00:03] Weighted Error Value: White=1.80/Black=0.59.  Loses game:     	White=1     	---        Mistake:       	White=6     	Black=1      Inaccurate:     	White=2     	Black=1      OK:         	---       	Black=2      Best:        	---       	Black=4} 0-1

[Event "Czech Open Rapid G1 2024"]
[Site "Pardubice"]
[Date "2024.07.18"]
[Round "4.14"]
[White "Vrana, Frantisek"]
[Black "Prokofiev, Valentyn"]
[Result "0-1"]
[Annotator "RC"]
[ECO "A43"]
[WhiteElo "2147"]
[BlackElo "2337"]
[PlyCount "62"]
[EventDate "2024.07.16"]
[EventType "swiss"]
[EventCountry "CZE"]
[SourceTitle "playchess.com"]
[Source "ChessBase"]
[SourceQuality "1"]
[TimeControl "1200+10"]

1. d4 Nf6 2. Nf3 c5 3. d5 g6 4. Nc3 d6 5. e4 Bg7 6. Nd2 O-O 7. Be2 Na6 8. O-O Nc7 9. a4 Rb8 10. Nc4 Nd7 11. f4 b6 12. Ne3 a6 13. e5 dxe5 14. f5 Ne8 15. Ng4 Nd6 16. fxg6 hxg6 17. Bh6 f5 18. Bxg7 Kxg7 19. Nf2 Nf6 20. Qd2 Nf7 21. Rad1 Qd6 22. Nh3 Rh8 23. Ng5 e4 24. h3 Qg3 25. Nxf7 Kxf7 26. Bc4 Rxh3 27. Qf4 Qxf4 28. Rxf4 Rh7 29. d6+ Be6 30. Bxa6 Rbh8 31. Kf2 g5 0-1

[Event "Czech Open Rapid G1 2024"]
[Site "Pardubice"]
[Date "2024.07.18"]
[Round "4.15"]
[White "Burdalev, Kirill"]
[Black "Dovzhenko, Viktor"]
[Result "1-0"]
[Annotator "RC"]
[ECO "A53"]
[WhiteElo "2348"]
[BlackElo "2044"]
[PlyCount "114"]
[EventDate "2024.07.16"]
[EventType "swiss"]
[EventCountry "CZE"]
[SourceTitle "playchess.com"]
[Source "ChessBase"]
[SourceQuality "1"]
[TimeControl "1200+10"]

1. d4 d6 2. Nf3 Bg4 3. c4 Nf6 4. Qb3 b6 5. g3 Nbd7 6. Bg2 Rb8 7. Nc3 e5 8. Be3 Be7 9. Rd1 Bxf3 10. Bxf3 O-O 11. O-O Re8 12. Qa4 a5 13. Bc6 Rf8 14. h3 exd4 15. Bxd4 Nc5 16. Qc2 Qc8 17. Kh2 Qe6 18. b3 Na6 19. a3 Nc5 20. f4 a4 21. Nxa4 Nxa4 22. Bxa4 Ne4 23. f5 Qh6 24. Qxe4 Bg5 25. h4 Bf6 26. Qf4 Qh5 27. Qf3 Qxf3 28. Rxf3 Ra8 29. Bxf6 gxf6 30. Re3 c6 31. Rxd6 b5 32. cxb5 cxb5 33. Bxb5 Rxa3 34. Rxf6 Kg7 35. Ra6 Rxa6 36. Bxa6 h5 37. Bb7 Rd8 38. Bf3 Kh6 39. b4 Rb8 40. Rb3 Rb5 41. e4 Kg7 42. Bxh5 Kf6 43. Be2 Rb6 44. Bc4 Ke5 45. Bxf7 Kxe4 46. Be6 Ke5 47. b5 Ke4 48. Kg2 Kd4 49. Kf3 Ke5 50. g4 Kf6 51. Kf4 Ke7 52. Ke5 Kf8 53. g5 Ke7 54. h5 Kf8 55. h6 Rb7 56. b6 Ke8 57. h7 Rxh7 1-0

[Event "Czech Open Rapid G1 2024"]
[Site "Pardubice"]
[Date "2024.07.18"]
[Round "4.16"]
[White "Chaika, Vitalii"]
[Black "Dobrowolski, Piotr"]
[Result "0-1"]
[Annotator "RC"]
[ECO "D00"]
[WhiteElo "2111"]
[BlackElo "2412"]
[PlyCount "81"]
[EventDate "2024.07.16"]
[EventType "swiss"]
[EventCountry "CZE"]
[SourceTitle "playchess.com"]
[Source "ChessBase"]
[SourceQuality "1"]
[TimeControl "1200+10"]

1. d4 e6 2. Bf4 c5 3. e3 Nf6 4. c3 d5 5. Nd2 Bd6 6. Bg3 O-O 7. Ngf3 Qc7 8. Ne5 Nbd7 9. f4 b5 10. Bd3 b4 11. c4 Bb7 12. Qc2 cxd4 13. exd4 dxc4 14. Ndxc4 Rac8 15. O-O Nb6 16. b3 Nbd5 17. Rae1 Ne7 18. Bh4 Ng6 19. Bg5 Nd5 20. g3 Be7 21. Qe2 Rcd8 22. h4 Nc3 23. Qc2 Rxd4 24. h5 Nxe5 25. Bxh7+ Kh8 26. Nxe5 Bxg5 27. fxg5 Qd6 28. Rxf7 Rd8 29. Ref1 Be4 30. Bxe4 Rxe4 31. Ng6+ Kh7 32. Nf8+ Kg8 33. Qf2 Re2 34. Qf3 Qc5+ 35. Kh1 Qxg5 36. Ng6 Kh7 37. Rf8 Rxf8 38. Nxf8+ Kh6 39. Ng6 Ne4 40. g4 Qe3 41. Qxe3+ 0-1

[Event "Czech Open Rapid G1 2024"]
[Site "Pardubice"]
[Date "2024.07.18"]
[Round "4.17"]
[White "Novotny, Dominik"]
[Black "Kulon, Klaudia"]
[Result "0-1"]
[Annotator "TA"]
[ECO "C55"]
[WhiteElo "1921"]
[BlackElo "2380"]
[PlyCount "62"]
[EventDate "2024.07.16"]
[EventType "swiss"]
[EventCountry "CZE"]
[SourceTitle "playchess.com"]
[Source "ChessBase"]
[SourceQuality "1"]
[TimeControl "1200+10"]

1. e4 e5 2. Nf3 Nc6 3. Bc4 Nf6 4. d3 h6 5. O-O d6 6. c3 g6 7. Re1 Bg7 8. a4 O-O 9. h3 d5 10. Bb5 dxe4 11. Bxc6 bxc6 {[%emt 0:01:14] The position is equal.} 12. Nxe5 Qd5 (12... exd3 {simplifies} 13. Qxd3 Qxd3 14. Nxd3 Nd5) 13. f4 (13. d4 $1 $11) 13... Rd8 (13... exf3 $15 14. Nxf3 Re8 15. Rxe8+ Nxe8) 14. d4 h5 (14... c5 $15) 15. Be3 Ba6 16. Qc2 Nd7 17. c4 Qe6 18. b3 Nf8 19. Bf2 (19. Qxe4 f6 20. d5 (20. f5 $2 gxf5 21. Qc2 fxe5 $19) 20... Qe8 $17 (20... cxd5 $2 21. cxd5 Qe8 22. Bd4 $19)) ({White should try} 19. Nc3 $14 f5 20. Rac1) 19... f6 $11 20. Nf3 exf3 (20... f5 $11 {and Black has nothing to worry.}) 21. Rxe6 $18 Nxe6 22. g3 $2 (22. gxf3 f5 $18) (22. Qxg6 $18 Nxf4 23. Qe4) 22... f5 $11 23. Nc3 (23. Kf1 $1 $11) 23... Nxd4 $17 24. Bxd4 Bxd4+ ({Better is} 24... Rxd4 $15 25. Rf1 Rad8 26. Rxf3 R4d6 (26... Rd2 27. Qc1 $11)) 25. Kf1 $1 $11 Re8 {[%emt 0:00:26] ...Re3 is the strong threat.} 26. Rd1 Rad8 {[%emt 0:00:07] [#]} 27. g4 $2 {[%emt 0:00:24] White is weak on the dark squares} hxg4 (27... fxg4 $2 28. Qxg6+ Kf8 29. Rxd4 (29. Qxc6 Bxc3 30. Qc5+ Rd6 $11) 29... Rxd4 30. Qf6+ (30. Qxc6 Rd6 $18) 30... Kg8 31. Qxd4 $18) (27... c5 $1 $19 28. gxf5 Bc8) 28. hxg4 $17 {[%emt 0:00:06] [#]} Kg7 {[%emt 0:00:23] Some like it hot. Black has more active pieces.} (28... Re3 29. gxf5 (29. Rd3 Re7 $11) 29... Bc8 (29... Rxc3 $2 30. Qe4 $18) 30. Qf2 Rxc3 31. Qb2 $14) (28... Bc8 $1 $17 29. Qd3 f2 (29... fxg4 30. Qxg6+ Kf8 31. Qh6+ Bg7 32. Qh4 $11) (29... Bxc3 $2 30. Qxd8 Rxd8 31. Rxd8+ Kf7 32. g5 $17) (29... Re3 $2 30. Qxe3 Bxe3 31. Rxd8+ Kf7 32. Rxc8 $18)) 29. gxf5 $2 {[%emt 0:00:28][%mdl 8192] [#]} (29. Rxd4 $1 $11 Rxd4 30. Qf2) 29... Rh8 $1 $19 30. Ke1 $2 (30. Rxd4 Rxd4 (30... Rh1+ $2 31. Kf2 $19) 31. Ne2 fxe2+ 32. Qxe2 Rxf4+ 33. Ke1 Rxf5 (33... gxf5 $2 {loses.} 34. Qe5+ Kf7 35. Qxc7+ Ke6 36. Qxf4 $18) (33... Rh1+ $2 34. Kd2 $19) 34. Qe7+ Rf7 35. Qe5+ Kh7 36. Qh2+ Kg8 37. Qg1) 30... Rh1+ 31. Kd2 Rh2+ {[%emt 0:00:02] What a bad dream for White.   Weighted Error Value: White=0.96/Black=0.52.  Loses game:     	White=2     	Black=1      Missed win:     	White=1     	---        Mistake:       	White=4     	Black=5      Inaccurate:     	White=3     	Black=1      OK:         	White=4     	Black=3      Best:        	White=2     	Black=2      Strong:       	White=1     	Black=1} 0-1

[Event "Czech Open Rapid G1 2024"]
[Site "Pardubice"]
[Date "2024.07.18"]
[Round "4.18"]
[White "Mica, Marek"]
[Black "Dolensky, Filip"]
[Result "1/2-1/2"]
[Annotator "TA"]
[ECO "E09"]
[WhiteElo "2375"]
[BlackElo "2085"]
[PlyCount "119"]
[EventDate "2024.07.16"]
[EventType "swiss"]
[EventCountry "CZE"]
[SourceTitle "playchess.com"]
[Source "ChessBase"]
[SourceQuality "1"]
[TimeControl "1200+10"]

1. Nf3 Nf6 2. c4 e6 3. d4 Bb4+ 4. Nbd2 d5 5. g3 c6 6. Bg2 Nbd7 7. O-O O-O 8. Qc2 b6 9. e4 dxe4 10. Nxe4 Bb7 11. Rd1 Nxe4 12. Qxe4 Qc7 13. Bf4 Bd6 14. Bxd6 Qxd6 15. Rac1 (15. Ne5 {seems wilder.} Rac8 16. c5 Qe7 17. b4) 15... Nf6 16. Qe3 Qb4 17. b3 {[%emt 0:00:44] White is slightly better.} Rfd8 18. Ne5 Rac8 19. c5 bxc5 20. dxc5 Rxd1+ 21. Rxd1 Nd5 22. Qd4 a5 23. Qxb4 axb4 24. Rd4 {[%emt 0:00:11] White is more active.} f6 25. Bxd5 ({White should play} 25. Nd3 $16) 25... cxd5 $11 26. Rxb4 ({Much worse is} 26. Nd3 e5 27. Rxb4 Ba6 $17) 26... fxe5 27. Rxb7 Rxc5 $16 {[%emt 0:00:01][%mdl 4096] Endgame. KR-KR} 28. a4 {[%emt 0:00:01] With the idea b4.} d4 {[%emt 0:01:29] [#]} (28... Rc1+ $11 29. Kg2 e4) 29. b4 (29. Kf1 $1 $16) 29... Rc1+ $11 {[%emt 0:01:50] The position is equal.} 30. Kg2 {[%emt 0:00:01] aiming for b5.} d3 {[%emt 0:00:01] Threatens to win with ...d2.} 31. Rd7 $1 {[%emt 0:00:16][%cal Oa4a5] Black must now prevent a5!} e4 32. b5 {[%emt 0:00:03] And now b6 would win.} Rb1 33. a5 $1 Rxb5 34. a6 Ra5 35. a7 {[%emt 0:00:02] [#] Strongly threatening Rd8+.} d2 36. Rxd2 Rxa7 37. Rd4 Kf7 38. Rxe4 Ra2 39. Kf3 Ra5 40. Rb4 Rf5+ 41. Ke3 Rh5 42. h4 Re5+ 43. Kd3 Rf5 44. f4 h5 45. Re4 Kf6 46. Kd4 Rd5+ 47. Ke3 Ra5 48. Kf3 $1 Kf5 49. Re3 Kf6 50. Rb3 Kf5 51. Rb7 Ra3+ 52. Kg2 Ra2+ 53. Kh3 Kf6 54. Rb3 Rf2 55. Rb4 Ra2 56. Rb8 g6 57. Rb5 Rf2 58. Rg5 Rd2 59. Re5 Rf2 60. Ra5 {[%emt 0:00:02] Weighted Error Value: White=0.07 (flawless) /Black=0.05 (flawless) .  Mistake:       	White=2     	Black=1      OK:         	White=16    	Black=11     Best:        	White=2     	Black=10     Strong:       	White=3     	---} 1/2-1/2

[Event "Czech Open Rapid G1 2024"]
[Site "Pardubice"]
[Date "2024.07.18"]
[Round "4.19"]
[White "Jurek, Josef"]
[Black "Eropunov, Gleb"]
[Result "1-0"]
[Annotator "RC"]
[ECO "E08"]
[WhiteElo "2200"]
[BlackElo "2190"]
[PlyCount "77"]
[EventDate "2024.07.16"]
[EventType "swiss"]
[EventCountry "CZE"]
[SourceTitle "playchess.com"]
[Source "ChessBase"]
[SourceQuality "1"]
[TimeControl "1200+10"]

1. Nf3 Nf6 2. c4 e6 3. g3 d5 4. Bg2 Be7 5. O-O O-O 6. d4 Nbd7 7. Qc2 a5 8. Nbd2 c5 9. cxd5 Nxd5 10. a3 b6 11. e4 N5f6 12. e5 Nd5 13. Ne4 h6 14. b3 cxd4 15. Rd1 Ba6 16. Rxd4 Rc8 17. Qd2 Qc7 18. Bb2 Nxe5 19. Nxe5 Qxe5 20. Rxd5 Qxd5 21. Nf6+ Bxf6 22. Bxd5 Bxb2 23. Qxb2 exd5 24. Qd4 Rc6 25. Qxd5 Rfc8 26. Rd1 Bb7 27. Qd4 Rc1 28. f4 R1c2 29. Rd2 R2c5 30. Kf2 Rd5 31. Qe3 Rdc5 32. Qe7 R5c7 33. Qe3 Rc5 34. b4 axb4 35. axb4 Rb5 36. Qe7 Bh1 37. Rd8+ Rxd8 38. Qxd8+ Kh7 39. Qd3+ 1-0

[Event "Czech Open Rapid G1 2024"]
[Site "Pardubice"]
[Date "2024.07.18"]
[Round "4.20"]
[White "Mojzis, Jaroslav"]
[Black "Ludvik, Tomas"]
[Result "0-1"]
[Annotator "RC"]
[ECO "D11"]
[WhiteElo "2068"]
[BlackElo "2210"]
[PlyCount "58"]
[EventDate "2024.07.16"]
[EventType "swiss"]
[EventCountry "CZE"]
[SourceTitle "playchess.com"]
[Source "ChessBase"]
[SourceQuality "1"]
[TimeControl "1200+10"]

1. d4 d5 2. c4 c6 3. Nf3 Nf6 4. g3 Bf5 5. Bg2 e6 6. Nc3 h6 7. O-O Nbd7 8. Nd2 Be7 9. e4 dxe4 10. Ndxe4 O-O 11. Re1 Nxe4 12. Nxe4 Nf6 13. Nxf6+ Bxf6 14. Be3 Qc7 15. Qb3 Rfd8 16. Rad1 Rd7 17. d5 cxd5 18. cxd5 Bc2 19. Qa3 Bxd1 20. Rxd1 exd5 21. Rxd5 Rxd5 22. Bxd5 Rd8 23. Qb3 Qd7 24. Bf3 b6 25. Kg2 Bd4 26. Bf4 Qe6 27. Qa4 a5 28. Qb5 Qe1 29. Bc7 Qxf2+ 0-1

[Event "Czech Open Rapid G1 2024"]
[Site "Pardubice"]
[Date "2024.07.18"]
[Round "4.21"]
[White "Berin, Artem"]
[Black "Kastner, Oldrich"]
[Result "1-0"]
[Annotator "RC"]
[ECO "E40"]
[WhiteElo "2234"]
[BlackElo "2004"]
[PlyCount "85"]
[EventDate "2024.07.16"]
[EventType "swiss"]
[EventCountry "CZE"]
[SourceTitle "playchess.com"]
[Source "ChessBase"]
[SourceQuality "1"]
[TimeControl "1200+10"]

1. d4 Nf6 2. c4 e6 3. Nc3 Bb4 4. e3 O-O 5. Bd3 d6 6. Nf3 Nbd7 7. O-O Bxc3 8. bxc3 e5 9. e4 Re8 10. Re1 c5 11. d5 h6 12. a4 Qa5 13. Qc2 Nf8 14. Nd2 Ng6 15. Nb3 Qa6 16. a5 Bd7 17. h3 b6 18. axb6 Qxb6 19. Na5 Reb8 20. Kh2 Qc7 21. Be3 Kh7 22. Ra2 Rb6 23. Rea1 Rab8 24. Qc1 a6 25. Bc2 Nh5 26. Ba4 Bxa4 27. Rxa4 Ne7 28. R4a2 Qd7 29. g3 Nf6 30. Qc2 Qc8 31. Bc1 Nh5 32. f4 exf4 33. gxf4 g6 34. Be3 Kg7 35. Rg1 Nf6 36. Bc1 Qd8 37. Qd3 Nd7 38. Qe3 Qc7 39. f5 Rh8 40. Qg3 Ne5 41. Bf4 g5 42. f6+ Kxf6 43. Bxg5+ 1-0

[Event "Czech Open Rapid G1 2024"]
[Site "Pardubice"]
[Date "2024.07.18"]
[Round "4.22"]
[White "Tesar, Jan"]
[Black "Bouska, Jiri"]
[Result "0-1"]
[Annotator "RC"]
[ECO "E06"]
[WhiteElo "1929"]
[BlackElo "2222"]
[PlyCount "78"]
[EventDate "2024.07.16"]
[EventType "swiss"]
[EventCountry "CZE"]
[SourceTitle "playchess.com"]
[Source "ChessBase"]
[SourceQuality "1"]
[TimeControl "1200+10"]

1. d4 d5 2. Nf3 Nf6 3. g3 e6 4. Bg2 Be7 5. O-O O-O 6. c4 c6 7. Qc2 b6 8. Ne5 Bb7 9. Bf4 Nbd7 10. cxd5 Nxe5 11. dxe5 Nxd5 12. Rd1 Qc8 13. Nd2 c5 14. Ne4 Qc7 15. a3 Rad8 16. Rac1 Qb8 17. Rd2 Nxf4 18. gxf4 Rxd2 19. Qxd2 Rd8 20. Qe3 Qa8 21. h3 Rd4 22. f3 Qd8 23. Kh2 Rd1 24. Rxd1 Qxd1 25. Qd2 Qxd2 26. Nxd2 b5 27. e4 c4 28. Bf1 Bc5 29. Kg3 Bd4 30. a4 Bxb2 31. axb5 c3 32. Nb3 c2 33. Bc4 Kf8 34. h4 Ke7 35. h5 h6 36. Kg4 c1=Q 37. Nxc1 Bxc1 38. f5 Bb2 39. f4 Bxe4 0-1

[Event "Czech Open Rapid G1 2024"]
[Site "Pardubice"]
[Date "2024.07.18"]
[Round "4.24"]
[White "Park, Inchan"]
[Black "Hosticka, Frantisek"]
[Result "0-1"]
[Annotator "RC"]
[ECO "A46"]
[WhiteElo "1856"]
[BlackElo "2062"]
[PlyCount "82"]
[EventDate "2024.07.16"]
[EventType "swiss"]
[EventCountry "CZE"]
[SourceTitle "playchess.com"]
[Source "ChessBase"]
[SourceQuality "1"]
[TimeControl "1200+10"]

1. d4 Nf6 2. Nf3 e6 3. g3 b5 4. Bg2 Bb7 5. O-O c5 6. a4 a6 7. c3 cxd4 8. cxd4 Be7 9. Re1 O-O 10. Nbd2 Qb6 11. a5 Qc7 12. e4 d6 13. h3 Nbd7 14. g4 Rac8 15. g5 Nh5 16. Nf1 Qc2 17. Qxc2 Rxc2 18. Ne3 Rc7 19. Nd1 Rfc8 20. Bd2 Nf8 21. Bf1 Ng6 22. Bb4 f6 23. h4 fxg5 24. Nxg5 Nxh4 25. Nxe6 Nf3+ 26. Kh1 Nxe1 27. Nxc7 Bxe4+ 28. Kh2 Nf3+ 29. Kh3 Rxc7 30. Nc3 Bb7 31. Rd1 g6 32. d5 Ng5+ 33. Kg4 Nf7 34. Be2 Ne5+ 35. Kh3 Nf4+ 36. Kg3 Nxe2+ 37. Nxe2 h5 38. Nf4 h4+ 39. Kg2 Rc2 40. Bc3 g5 41. Ne6 Nc4 0-1